 Dungeon Crawl Stone Soup version 0.27.0-1-g7a089689b8 (webtiles) character file.

Game seed: 11595746949661942270

6330 HoaS the Cruncher (level 10, 0/60 HPs)
             Began as a Gargoyle Gladiator on Aug 1, 2021.
             Slain by Grum (10 damage)
             ... on level 9 of the Dungeon.
             The game lasted 00:21:50 (8404 turns).

HoaS the Cruncher (Gargoyle Gladiator)              Turns: 8404, Time: 00:21:51

Health: 0/60       AC: 27    Str: 33    XL:     10   Next: 95%
Magic:  10/10      EV:  7    Int:  9    God:
Gold:   1483       SH:  0    Dex: 11    Spells: 9/9 levels left

rFire    . . .     SeeInvis .   a - +2 quarterstaff
rCold    . . .     Faith    .   (shield currently unavailable)
rNeg     + . .     Spirit   .   n - +1 crystal plate armour
rPois    ∞         Reflect  .   c - +2 helmet
rElec    +         Harm     .   (no cloak)
rCorr    .         Rampage  .   (no gloves)
Will     .....                  (no boots)
Stlth    ..........             (no amulet)
HPRegen  0.20/turn              q - +6 ring of strength
MPRegen  0.12/turn              s - +6 ring of strength

@: no status effects
A: sickness immunity, AC +7, negative energy resistance 1, electricity
resistance, torment resistance 1, petrification resistance
a: no special abilities


You were on level 9 of the Dungeon.
You visited 2 branches of the dungeon, and saw 10 of its levels.

You collected 1483 gold pieces.

Inventory:

Hand Weapons
 a - a +2 quarterstaff (weapon)
 y - a +0 shortbow
Missiles
 h - 8 atropa-tipped darts (quivered)
 j - 88 poisoned darts
 r - 144 arrows
 A - a curare-tipped dart
 D - 7 boomerangs
Armour
 c - a +2 helmet (worn)
 n - a +1 crystal plate armour (worn)
Jewellery
 b - a ring of protection from fire
 f - a +6 ring of dexterity
 q - a +6 ring of strength (left hand)
 s - a +6 ring of strength (right hand)
 C - a ring of see invisible
Wands
 p - a wand of paralysis (5)
 B - a wand of polymorph (4)
Scrolls
 i - a scroll of teleportation
 o - 4 scrolls of fog
 u - a scroll of magic mapping
 w - a scroll of enchant weapon
 E - 2 scrolls of identify
Potions
 e - 6 potions of curing
 g - 4 potions of flight
 k - 2 potions of heal wounds
 l - 2 potions of haste
 m - 2 potions of invisibility {unknown}
 t - a potion of resistance {unknown}
 v - 3 potions of magic {unknown}
 x - a potion of ambrosia {unknown}
 z - a potion of cancellation {unknown}
 F - a potion of lignification {unknown}


   Skills:
 * Level 6.1 Fighting
 - Level 14.0 Staves
 - Level 2.0 Bows
 - Level 1.7 Throwing
 + Level 3.7 Armour
 + Level 3.9 Dodging


You had 9 spell levels left.
You didn't know any spells.
Your spell library contained the following spells:

 Spells                   Type           Power      Damage    Failure   Level
 Summon Small Mammal      Summ           0%         N/A       100%        1
 Call Canine Familiar     Summ           0%         N/A       100%        3
 Summon Guardian Golem    Hex/Summ       0%         N/A       100%        3
 Summon Lightning Spire   Summ/Air       0%         N/A       100%        4
 Storm Form               Tmut/Air       0%         N/A       100%        7
 Maxwell's Capacitive Co  Air            0%         ∞         100%        8


Dungeon Overview and Level Annotations

Branches:
Dungeon (9/15)             Temple (1/1) D:7
   Lair: D:8-11         Orc: D:9-12

Altars:
Ashenzari
Cheibriados
Dithmenos
Elyvilon
Fedhas
Gozag
Hepliaklqana
Kikubaaqudgha
Nemelex Xobeh
Qazlal
Ru
Sif Muna
Trog
Wu Jian
Xom
Yredelemnul
Zin
The Shining One
Lugonu

Shops:
D:5 **(   D:6 *

Portals:
Abyss: D:3

Annotations:
D:9 Grum


Innate Abilities, Weirdness & Mutations

You are immune to sickness and miasma.
Your stone body is resilient. (AC +7)
You are immune to poison.
You resist negative energy. (rN+)
You are resistant to electric shocks. (rElec)
You are resistant to unholy torment.
You are immune to petrification.


Message History

You kill the wolf!
The wolf barely misses you.
Grum hits you from afar with a +1 vorpal glaive!
Your Fighting skill increases to level 6!
You are too injured to fight recklessly!
You are too injured to fight recklessly!
You are too injured to fight recklessly!
You are too injured to fight recklessly!
You are too injured to fight recklessly!
You are too injured to fight recklessly!
You are too injured to fight recklessly!
You are too injured to fight recklessly!
You are too injured to fight recklessly!
You are too injured to fight recklessly!
You are too injured to fight recklessly!
You are too injured to fight recklessly!
You are too injured to fight recklessly!
You are too injured to fight recklessly!
You are too injured to fight recklessly!
You are too injured to fight recklessly!
You are too injured to fight recklessly!
You are too injured to fight recklessly!
You are too injured to fight recklessly!
You are too injured to fight recklessly!
You are too injured to fight recklessly!
You thump the wolf!
The wolf is severely wounded.
The wolf bites you but does no damage. x2
You closely miss the wolf.
The wolf is severely wounded.
The wolf bites you but does no damage. The wolf closely misses you.
Grum hits you from afar with a +1 vorpal glaive!
The wolf barely misses you.
You sock the wolf!
You kill the wolf!
The wolf barely misses you. The wolf bites you!
* * * LOW HITPOINT WARNING * * *
Grum hits you with a +1 vorpal glaive!
You die...

######## ... #......#
... #......# ...
#......# ## ..#
#..g...# .##..#
#h@....#
.....##########'###+###
.....#.................
'#####.##.............#
....)..##.............#
.......##....##.......#
#..##..##....##.......#
.....[.................
#######################


You could see Grum and a wolf.

Vanquished Creatures
  A hydra (D:6)
  2 two-headed ogres
  Maggie (D:8)
  Grinder (D:4)
  Prince Ribbit (D:7)
  4 yaks
  Menkaure (D:4)
  An orc warrior (D:8)
  A black bear (D:8)
  2 ice beasts
  A sky beast (D:5)
  2 ogres
  3 centaurs
  3 wolves (D:9)
  A phantom (D:7)
  5 bullfrogs
  4 kobold brigands
  3 scorpions
  A water moccasin skeleton (D:4)
  3 howler monkeys (D:8)
  4 orc priests
  2 hounds (D:5)
  3 jellies
  3 centaur skeletons
  A gnoll shaman (D:7)
  3 iguanas
  4 orc wizards
  A hound skeleton (D:4)
  A howler monkey zombie (D:8)
  9 gnolls
  5 adders
  A shadow imp (D:6)
  An ufetubus (D:5)
  An adder zombie (D:5)
  2 worms
  3 dart slugs (D:2)
  23 orcs
  3 endoplasms
  4 giant cockroaches
  17 goblins
  12 hobgoblins
  6 jackals (D:2)
  3 quokkas
  A ball python (D:3)
  5 bats
  3 frilled lizards
  35 kobolds
  2 rats
199 creatures vanquished.

Notes
Turn   | Place    | Note
-------+----------+-------------------------------------------
     0 | D:1      | HoaS the Gargoyle Gladiator began the quest for the Orb.
     0 | D:1      | Reached XP level 1. HP: 12/12 MP: 1/1
   237 | D:1      | Reached XP level 2. HP: 16/17 MP: 2/2
   299 | D:1      | Found a faded altar of an unknown god.
   602 | D:2      | Reached skill level 4 in Staves
   725 | D:2      | Reached XP level 3. HP: 21/21 MP: 3/3
   913 | D:2      | Reached XP level 4. HP: 26/26 MP: 4/4
  1275 | D:3      | Found a one-way gate to the infinite horrors of the Abyss.
  1298 | D:3      | Found a snail-covered altar of Cheibriados.
  1313 | D:3      | Reached skill level 5 in Staves
  1327 | D:3      | Noticed an ogre
  1356 | D:3      | Killed an ogre
  1357 | D:3      | Reached XP level 5. HP: 16/30 MP: 5/5
  1556 | D:3      | Reached skill level 6 in Staves
  1661 | D:3      | Found a large runed translucent door.
  1664 | D:3      | Found a large runed translucent door.
  1671 | D:3      | Found a corrupted altar of Lugonu.
  1904 | D:3      | Reached XP level 6. HP: 7/35 MP: 6/6
  2226 | D:3      | Found a shimmering blue altar of Sif Muna.
  2263 | D:3      | Found a basalt altar of Yredelemnul.
  2400 | D:4      | You fall into a shaft and drop 1 floor!
  2400 | D:5      | Entered Level 5 of the Dungeon
  2409 | D:5      | Found a bloodstained altar of Trog.
  2611 | D:4      | Reached skill level 7 in Staves
  2886 | D:4      | Noticed Grinder
  2907 | D:4      | Paralysed by Grinder for 6 turns
  2915 | D:4      | Killed Grinder
  2916 | D:4      | Reached skill level 8 in Staves
  2916 | D:4      | Reached XP level 7. HP: 32/40 MP: 7/7
  3022 | D:4      | Noticed Menkaure
  3143 | D:4      | Killed Menkaure
  3377 | D:4      | Reached skill level 9 in Staves
  3450 | D:5      | Found Keug's Assorted Antiques.
  3450 | D:5      | Noticed a yak
  3450 | D:5      | Noticed a yak
  3450 | D:5      | Noticed a yak
  3450 | D:5      | Noticed a yak
  3460 | D:4      | Killed a yak
  3461 | D:4      | Reached XP level 8. HP: 11/44 MP: 8/8
  3464 | D:4      | HP: 3/66 [yak (8)]
  3465 | D:4      | Killed a yak
  3466 | D:4      | Reached skill level 10 in Staves
  3895 | D:5      | Found Kali's Antique Weapon Shoppe.
  4079 | D:5      | Found a glowing golden altar of the Shining One.
  4145 | D:5      | Killed a yak
  4146 | D:5      | Reached skill level 11 in Staves
  4152 | D:5      | Killed a yak
  4153 | D:5      | Reached XP level 9. HP: 43/48 MP: 9/9
  4602 | D:5      | Found Leokan's General Store.
  4910 | D:6      | Found Wuavoq's General Store.
  4918 | D:6      | Found a shadowy altar of Dithmenos.
  5304 | D:6      | Reached skill level 12 in Staves
  5413 | D:7      | Noticed an eight-headed hydra
  5446 | D:6      | Killed an eight-headed hydra
  5674 | D:7      | Reached skill level 13 in Staves
  5734 | D:7      | Identified a scroll of acquirement
  5734 | D:7      | Acquired 1107 gold pieces
  5780 | D:7      | Found a staircase to the Ecumenical Temple.
  5789 | Temple   | Entered the Ecumenical Temple
  6024 | D:7      | Reached skill level 1 in Bows
  6281 | D:7      | Noticed Prince Ribbit
  6292 | D:7      | Reached XP level 10. HP: 52/53 MP: 10/10
  6299 | D:7      | Killed Prince Ribbit
  6708 | D:8      | Noticed a two-headed ogre
  6721 | D:8      | Killed a two-headed ogre
  6722 | D:8      | Reached skill level 14 in Staves
  6722 | D:8      | Reached skill level 1 in Armour
  6811 | D:8      | Found a white marble altar of Elyvilon.
  7165 | D:8      | Found an ancient bone altar of Kikubaaqudgha.
  7420 | D:8      | Identified the +1 ring mail of Demons {rElec rC+++ rN+
                  | Str-3}
  7608 | D:8      | Noticed Maggie
  7637 | D:8      | Killed Maggie
  7812 | D:8      | Found a broken altar of Ashenzari.
  7951 | D:8      | Reached skill level 5 in Fighting
  8366 | D:9      | Noticed a two-headed ogre
  8377 | D:9      | Killed a two-headed ogre
  8393 | D:9      | Noticed Grum
  8404 | D:9      | Slain by Grum

Illustrated notes

Levels and vault maps discovered:
D:1:      minmay_arrival_three_doors, layout_rooms,
          shapermc_ecumenical_altar_mp_vishouse
D:2:      layout_loops_ring
D:3:      due_chaos_kobolds, layout_basic, mainiacjoe_overflow_surrounded_room,
          mainiacjoe_overflow_catch_the_wave
D:4:      cheibrodos_thug_alley, layout_rooms, uniq_grinder, uniq_menkaure
D:5:      layout_cave_pools, nicolae_overflow_hidden_temple,
          mainiacjoe_overflow_cross_hatched, serial_co_window_serial,
          co_window_paths_b, co_window_paths_b, co_window_corner_a,
          co_window_corner_a, co_window_of_opportunity_a,
          co_window_of_opportunity_a, co_window_paths_a,
          co_window_of_opportunity_a, co_window_corner_a, co_window_paths_c,
          co_window_paths_c, co_window_2corner, co_window_of_opportunity_b,
          co_window_corner_cb, glass_columns_c, serial_shops,
          nicolae_take_the_stairs, nicolae_shop_behind_doors,
          nicolae_stop_n_shop_2
D:6:      layout_cave_pools, mainiacjoe_overflow_tiny_flanked, serial_shops,
          shop
D:7:      layout_gridville, minmay_temple_entry_crystal_x, uniq_prince_ribbit1
D:8:      corexii_shantytown, layout_basic, lemuel_tele_altar,
          mainiacjoe_overflow_alcove_1, nicolae_elyvilon_peaceful_grove,
          uniq_maggie
D:9:      layout_stronghold, okawaru_humans, makhleb_altar_promises_db,
          marbit_many_paths, uniq_grum, uniq_psyche
Temple:   jpeg_temple_island

Skill      XL: |  1  2  3  4  5  6  7  8  9 10 |
---------------+-------------------------------+-----
Staves         | 4 5 6 8 9 11 13 14 | 14.0
Bows           | 2 |  2.0
Fighting       | 6 |  6.1
Armour         | 3 |  3.7
Dodging        | 3 |  3.9
Throwing       | |  1.7

Action                   |  1- 3 |  4- 6 |  7- 9 | 10-12 || total
-------------------------+-------+-------+-------+-------++-------
Melee: Quarterstaff      |    91 |   143 |   269 |   207 ||   710
Throw: Dart              |       |     9 |     2 |       ||    11
       Throwing net      |       |       |     3 |     2 ||     5
       Boomerang         |       |       |       |     2 ||     2
  Use: Scroll            |     4 |     9 |     3 |     1 ||    17
       Potion            |       |     1 |     1 |       ||     2
 Stab: Held in net/web   |       |       |     1 |     2 ||     3
       Distracted        |       |       |     1 |       ||     1
Armor: Leather armour    |    12 |       |       |       ||    12
       Scale mail        |    30 |    59 |    58 |       ||   147
       Crystal plate arm |       |       |   100 |   119 ||   219
Dodge: Dodged            |    47 |    70 |    80 |    35 ||   232
